 Dungeon Crawl Stone Soup version 0.25-a0-566-g062765be81 (webtiles) character file.

Game seed: 11999000057936460191, levelgen mode: deterministic

137 MisterFreud the Skirmisher (level 5, 0/28 HPs)
             Began as a Vine Stalker Artificer on Feb 28, 2020.
             Slain by an adder (1 damage)
             ... on level 3 of the Dungeon.
             The game lasted 00:09:00 (2301 turns).

MisterFreud the Skirmisher (Vine Stalker Artificer) Turns: 2301, Time: 00:09:01

Health: 0/28       AC:  4    Str: 15    XL:     5   Next: 20%
Magic:  0/8        EV: 11    Int: 11    God:
Gold:   92         SH:  4    Dex: 15    Spells: 4/4 levels left

rFire    . . .     SeeInvis .     - Unarmed
rCold    . . .     Gourm    .   h - +0 buckler
rNeg     . . .     Faith    +   b - +0 leather armour
rPois    .         Spirit   +   (no helmet)
rElec    .         Reflect  .   (no cloak)
rCorr    .         Harm     .   n - +0 pair of gloves
MR       .....                  (no boots)
Stlth    ++........             k - amulet of faith
HPRegen  0.49/turn              (no ring)
MPRegen  0.11/turn              (no ring)

@: lethally poisoned (0 -> -1)
A: fangs 2, regeneration 1, magic shield, antimagic bite, no potion heal 3, rot
immunity
a: no special abilities


You were on level 3 of the Dungeon.
You were not hungry.

You visited 1 branch of the dungeon, and saw 3 of its levels.

You collected 92 gold pieces.

Inventory:

Missiles
 i - 44 stones (quivered)
 l - 11 sling bullets
Armour
 b - a +0 leather armour (worn)
 h - a +0 buckler (worn)
 n - a +0 pair of gloves (worn)
Jewellery
 k - an amulet of faith (around neck)
Wands
 c - a wand of flame (12)
 d - a wand of enslavement (15)
 e - a wand of random effects (13)
Scrolls
 o - a scroll of remove curse
Comestibles
 f - 2 rations
 m - a chunk of flesh


   Skills:
 - Level 3.0 Fighting
   Level 0.8 Short Blades
 - Level 1.5 Dodging
 - Level 1.2 Stealth
 + Level 2.3 Shields
 + Level 1.8 Unarmed Combat
 - Level 2.6 Evocations


You had 4 spell levels left.
You didn't know any spells.
Your spell library was empty.

Dungeon Overview and Level Annotations

Branches:
Dungeon (3/15)

Altars:
Cheibriados

Annotations:
D:3 1 runed translucent door, zikan's ghost, amateur GrEE


Innate Abilities, Weirdness & Mutations

You have extremely sharp teeth.
Your natural rate of healing is unusually fast.
When hurt, damage is shared between your health and your magic reserves.
Your bite disrupts and absorbs the magic of your enemies.
Potions cannot restore your health.
You are immune to rotting.


Message History

You block the orc's attack. The adder barely misses you.
Unknown command.
You closely miss the orc. You bite the orc. You drain its power.
You feel invigorated.
The orc is severely wounded.
The quokka misses you. The orc closely misses you. The adder barely misses you.
You block the orc's attack. The quokka bites you.
* * * LOW HITPOINT WARNING * * *
You hit the orc but do no damage. Your bite misses the orc.
The orc is severely wounded.
You feel sick. The adder bites you but does no damage.
The orc hits you but does no damage. You block the quokka's attack.
The orc hits you with a +0 flail.
* * * LOW HITPOINT WARNING * * *
The adder barely misses you.
You closely miss the orc. You bite the orc. You drain its power.
You feel invigorated.
The orc is severely wounded.
You block the orc's attack. The quokka closely misses you. The adder bites you.
You die...

#####..
#.....#
#.....#
#.....#
#.....#
######.<...#
♣.#...§§§§§#
8[+..#§oor§#
♣.#. ###@###
### #S# #w#
#.# #.# #.#
#.# #.#


You could see a worm, an adder, 2 orcs and a quokka.

Vanquished Creatures
  An orc wizard (D:2)
  Terence (D:2)
  An adder (D:2)
  An ooze (D:2)
  A worm (D:2)
  6 dart slugs
  A leopard gecko (D:1)
  3 orcs (D:2)
  7 goblins
  9 hobgoblins
  A quokka (D:2)
  8 bats
  8 kobolds
  5 rats
53 creatures vanquished.

Notes
Turn   | Place    | Note
-------+----------+-------------------------------------------
     0 | D:1      | MisterFreud the Vine Stalker Artificer began the quest for
                  | the Orb.
     0 | D:1      | Reached XP level 1. HP: 9/9 MP: 3/3
    36 | D:1      | Reached skill level 1 in Fighting
   292 | D:1      | Reached XP level 2. HP: 15/15 MP: 5/5
   302 | D:1      | Reached skill level 2 in Fighting
   511 | D:1      | Reached XP level 3. HP: 17/19 MP: 6/6
  1152 | D:2      | Found a snail-covered altar of Cheibriados.
  1164 | D:2      | Reached skill level 3 in Fighting
  1469 | D:2      | Reached skill level 1 in Shields
  1469 | D:2      | Gained mutation: Your natural rate of healing is unusually
                  | fast. [Vine Stalker growth]
  1469 | D:2      | Reached XP level 4. HP: 14/24 MP: 3/7
  1533 | D:2      | Noticed Terence
  1704 | D:2      | Killed Terence
  1704 | D:2      | Reached skill level 1 in Unarmed Combat
  2034 | D:2      | You fall into a shaft and drop 1 floor!
  2194 | D:3      | Found a runed translucent door.
  2194 | D:3      | Noticed zikan's ghost (amateur GrEE)
  2253 | D:2      | Reached XP level 5. HP: 12/28 MP: 4/8
  2300 | D:3      | HP: 1/28 [orc/+0 flail (1)]
  2301 | D:3      | Slain by an adder

Levels and vault maps discovered:
D:1:      beargit_arrival_greenhouse, layout_rooms
D:2:      layout_loops_corners, kennysheep_slug_shrine, uniq_terence
D:3:      minmay_diamond_boxcup, layout_rooms, gammafunk_ghost_grave,
          first_ration

Skill      XL: |  1  2  3  4 |
---------------+-------------+-----
Fighting       | 1 2 3 |  3.0
Shields        | 1 2 |  2.3
Unarmed Combat | 1 |  1.8
Short Blades   | |  0.8
Dodging        | |  1.5
Stealth        | |  1.2
Evocations     | |  2.6

Action                   |  1- 3 |  4- 6 || total
-------------------------+-------+-------++-------
Melee: Short sword       |   132 |    26 ||   158
       Bite              |    38 |    31 ||    69
       Unarmed           |     7 |    58 ||    65
Evoke: Wand              |     2 |     3 ||     5
  Use: Scroll            |       |     2 ||     2
       Potion            |       |     1 ||     1
 Stab: Distracted        |       |     1 ||     1
  Eat: Chunk             |     2 |     3 ||     5
Armor: Leather armour    |    40 |    25 ||    65
Dodge: Dodged            |    70 |    49 ||   119
Block: Buckler           |    17 |    17 ||    34

Table legend:
 A = Non-vault XP
 B = Vault XP
 C = Vault XP percentage of total XP
 D = Non-vault monster count
 E = Vault monster count
 F = Vault count percentage of total count
                 A         B        C        D         E       F
            +---------+---------+-------+---------+---------+-------
      Total |     156 |      40 |  20.4 |      51 |       2 |   3.8
            +---------+---------+-------+---------+---------+-------
        D:1 |      56 |       0 |   0.0 |      29 |       0 |   0.0
        D:2 |     100 |      40 |  28.6 |      22 |       2 |   8.3
            +---------+---------+-------+---------+---------+-------
